 Dungeon Crawl Stone Soup version 0.31-a0-237-g2d982f9f85 (webtiles) character file.

Game seed: 3550313788219523968

473 Anon1729 the Trooper (level 6, -3/56 HPs)
             Began as a Minotaur Monk on July 11, 2023.
             Slain by a wight
             ... wielding a +0 great sword
              (16 damage)
             ... on level 7 of the Dungeon.
             The game lasted 00:01:32 (3306 turns).

Anon1729 the Trooper (Minotaur Monk)                Turns: 3306, Time: 00:01:32

Health: -3/56      AC:  5    Str: 15    XL:     6   Next: 84%
Magic:  6/6        EV: 14    Int:  7    God:
Gold:   218        SH:  0    Dex: 15    Spells: 5/5 levels left

rFire   . . .        s - +1 dagger (venom)
rCold   . . .        d - orb {light}
rNeg    . . .        b - +0 robe
rPois   +            (helmet restricted)
rElec   .            (no cloak)
rCorr   .            (no gloves)
SInv    .            t - +2 pair of boots
Will    .....        (no amulet)
Stlth   +            m - ring of poison resistance
HPRegen 0.29/turn    (no ring)
MPRegen 0.10/turn

%: no passive effects
@: about to teleport, glowing
A: horns 2, retaliatory headbutt
a: no special abilities


You were on level 7 of the Dungeon.
You visited 1 branch of the dungeon, and saw 5 of its levels.

You collected 218 gold pieces.

Inventory:

Hand Weapons
 a - a +0 short sword
 f - a +0 vampiric dagger
 q - a +0 short sword of draining
 s - a +1 dagger of venom (weapon)
Missiles
 h - 8 curare-tipped darts
 r - a throwing net
Armour
 b - a +0 robe (worn)
 d - an orb of light (worn)
 t - a +2 pair of boots (worn)
Jewellery
 m - a ring of poison resistance (left hand)
Scrolls
 g - 4 scrolls of identify
 i - a scroll of teleportation
 j - a scroll of noise {unknown}
 k - a scroll of enchant weapon {unknown}
 l - a scroll of acquirement {unknown}
 n - 2 scrolls of fear
 p - a scroll of butterflies {unknown}
Potions
 c - a potion of ambrosia
 e - a potion of brilliance {unknown}
 o - a potion of attraction {unknown}
 u - a potion of curing {unknown}


   Skills:
 + Level 5.1 Fighting
 + Level 4.6 Short Blades
 + Level 3.1 Armour
 + Level 4.5 Dodging
 + Level 2.3 Stealth
 + Level 2.6 Invocations


You had 5 spell levels left.
You didn't know any spells.
Your spell library contained the following spells:

 Spells                   Type           Power      Damage    Failure   Level
 Freeze                   Ice            0%         1d3       43%         1
 Frozen Ramparts          Ice            0%         1d1       80%         3
 Hailstorm                Conj/Ice       0%         3d3       80%         3


Dungeon Overview and Level Annotations

Branches:
Dungeon (7/15)
 Temple: D:4-7

Altars:
Ashenzari


Innate Abilities, Weirdness & Mutations

You have a pair of horns on your head.
You reflexively headbutt those who attack you in melee.


Message History

Key pressed, stopping explore.
A sourceless malevolence fills the Dungeon...
You fall into a shaft and drop 3 floors!
The shaft crumbles and collapses.
There is a stone staircase leading down here.
u - a black potion A wight comes into view.
It is wielding a +0 great sword.
A wight is nearby!
A centaur comes into view.
The centaur wields a +3 heavy orcbow.
The centaur shoots an arrow.
The arrow hits you! 2 wights come into view.
The centaur shoots an arrow.
The arrow barely misses you.
A wight comes into view. It is wielding a +0 dagger.
You see here a coppery potion.
The centaur shoots an arrow.
The arrow hits you! The wight hits you but does no damage.
You hit the wight but do no damage. You headbutt the wight!
The wight is heavily damaged.
The centaur shoots an arrow.
The arrow hits you!!
* * * LOW HITPOINT WARNING * * *
You are too injured to fight recklessly!
You are too injured to fight recklessly!
You are too injured to fight recklessly!
You are too injured to fight recklessly!
You are too injured to fight recklessly!
You are too injured to fight recklessly!
You are too injured to fight recklessly!
You are too injured to fight recklessly!
You are too injured to fight recklessly!
You are too injured to fight recklessly!
As you read the scroll labelled IFESHRI FAASA, it crumbles to dust.
It is a scroll of identify.
n - 2 scrolls of fear A wight comes into view.
It is wielding a +2 short sword.
The centaur shoots an arrow.
The arrow barely misses you.
As you read the scroll labelled UMECAU EGHYL, it crumbles to dust.
You feel strangely unstable.
It was a scroll of teleportation.
The wight hits you with a +0 great sword!
You die...

###. ..... .. #.... ...#
#.. ......... ... ..#
........# #.# ...
##........###.###z#
###..... ..........###..
.#....# #..#.z..z....
......### ##...!@..z....
....#...###........#....
..>.##..........##..z...
#..#.............#.c#...
##.###.......#......# ##
####.......###..####
##.....## #### ###.###
#.#


You could see a centaur and 5 wights.

Vanquished Creatures
  An ogre (D:4)
  A kobold brigand (D:3)
  A jelly (D:4)
  An orc priest (D:3)
  An iguana (D:4)
  An orc wizard (D:4)
  7 gnolls (D:3)
  5 adders
  A dart slug (D:3)
  11 orcs
  5 bats
  2 endoplasms
  A giant cockroach (D:2)
  8 goblins
  8 hobgoblins
  4 jackals (D:3)
  4 quokkas
  6 ball pythons
  3 frilled lizards
  16 kobolds
  5 rats
92 creatures vanquished.

Notes
Turn   | Place    | Note
-------+----------+-------------------------------------------
     0 | D:1      | Anon1729 the Minotaur Monk began the quest for the Orb.
     0 | D:1      | Reached XP level 1. HP: 19/19 MP: 0/0
    60 | D:1      | Reached XP level 2. HP: 4/27 MP: 1/1
   499 | D:2      | Reached skill level 4 in Fighting
   499 | D:2      | Reached skill level 1 in Armour
   548 | D:2      | Reached XP level 3. HP: 24/33 MP: 2/2
   624 | D:2      | Reached skill level 1 in Invocations
   727 | D:2      | Found a faded altar of an unknown god.
   936 | D:2      | Reached skill level 1 in Stealth
  1144 | D:2      | Reached XP level 4. HP: 38/40 MP: 3/3
  1902 | D:3      | Reached XP level 5. HP: 39/47 MP: 5/5
  2480 | D:3      | Reached XP level 6. HP: 43/53 MP: 6/6
  3123 | D:4      | Found a broken altar of Ashenzari.
  3190 | D:4      | Reached skill level 5 in Fighting
  3288 | D:4      | You fall into a shaft and drop 3 floors!
  3306 | D:7      | Slain by a wight

Illustrated notes

Levels and vault maps discovered:
D:1:      dpeg_arrival_tiny_i, layout_rooms, minmay_misc_feat_hallway
D:2:      layout_loops_ring, ebering_ecumenical_altar_hall
D:3:      cheibrodos_thug_alley, layout_basic
D:4:      layout_cave_pools, nicolae_ashenzari_panopticon, hangedman_decor_push,
          chequers_jeans
D:7:      layout_cave_pools

Skill      XL: |  1  2  3  4  5  6 |
---------------+-------------------+-----
Fighting       | 4 5 |  5.1
Armour         | 1 2 3 |  3.1
Invocations    | 1 2 |  2.6
Stealth        | 1 2 |  2.3
Short Blades   | 4 |  4.6
Dodging        | 4 |  4.5

Action                     |  1- 3 |  4- 6 || total
---------------------------+-------+-------++-------
  Melee: Short sword       |    19 |    22 ||    41
         Headbutt          |    14 |    52 ||    66
         Dagger            |    82 |   138 ||   220
    Use: Scroll            |       |     2 ||     2
 Armour: Robe              |    17 |    11 ||    28
  Dodge: Dodged            |    58 |    88 ||   146

Table legend: (Time is in decaauts)
 A = Elapsed time spent in this place.
 B = Non-inter-level travel time spent in this place.
 C = Inter-level travel time spent in this place.
 D = Time resting spent in this place.
 E = Time spent auto-exploring this place.
 F = Levels seen in this place.
 G = Mean time per level.
                   A        B        C        D        E       F      G
               +--------+--------+--------+--------+--------+-----+--------+
         Total |   3256 |   2998 |    258 |    183 |   2322 |   5 |  651.2 |
       Dungeon |   3256 |   2998 |    258 |    183 |   2322 |   5 |  651.2 |
               +--------+--------+--------+--------+--------+-----+--------+

Top non-repeatable levels by time:
     D:3: 1573 daAuts
     D:2: 813 daAuts
     D:1: 473 daAuts
     D:4: 378 daAuts
     D:7: 17 daAuts
